 Dungeon Crawl Stone Soup version 0.19.1-1-g22dce08 (webtiles) character file.

4036 evildog the Cleaver (level 10, -4/90 HPs)
             Began as a Minotaur Fighter on Dec 30, 2016.
             Was a Believer of Okawaru.
             Killed from afar by an electric eel (10 damage)
             ... with a bolt of electricity
             ... on level 6 of the Dungeon.
             The game lasted 00:11:25 (4951 turns).

evildog the Cleaver (Minotaur Fighter)              Turns: 4951, Time: 00:11:26

Health: -4/90      AC:  9    Str: 23    XL:     10   Next: 4%
Magic:  9/9        EV: 11    Int:  5    God:    Okawaru [**....]
Gold:   358        SH: 16    Dex: 11    Spells: 0 memorised, 9 levels left

rFire  . . .     SeeInvis +     a - +1 war axe
rCold  + + +     Gourm    .     o - +1 leather armour of Beogh's Condemnation {rC+++ rCorr SInv Stlth-} (curse)
rNeg   . . .     Faith    .     d - +0 large shield
rPois  .         Spirit   .     (helmet restricted)
rElec  .         Reflect  .     v - +1 cloak
rCorr  +         Harm     .     w - +1 pair of gloves
MR     .....                    (no boots)
Stlth  ..........               m - amulet of regeneration
                                (no ring)
                                (no ring)

@: no status effects
A: retaliatory headbutt, horns 2
a: Heroism, Renounce Religion


You were on level 6 of the Dungeon.
You worshipped Okawaru.
Okawaru was pleased with you.
You were not hungry.

You visited 2 branches of the dungeon, and saw 7 of its levels.

You collected 358 gold pieces.

Inventory:

Hand Weapons
 a - a +1 war axe (weapon)
Missiles
 b - 8 javelins (quivered)
Armour
 d - a +0 large shield (worn)
 o - the cursed +1 leather armour of Beogh's Condemnation (worn) {rC+++ rCorr SInv Stlth-}
   (You took it off an orc on level 6 of the Dungeon)

   It renders you almost immune to cold.
   It lets you see invisible.
   It protects you from acid and corrosion.
   It makes you less stealthy.
   It has a curse placed upon it.
 v - a +1 cloak (worn)
 w - a +1 pair of gloves (worn)
Jewellery
 m - an amulet of regeneration (around neck)
Scrolls
 e - 2 scrolls of teleportation
 n - 2 scrolls of enchant armour
 p - 3 scrolls of remove curse
 r - a scroll of fear
Potions
 j - a potion of might
 k - 2 potions of haste
 l - 3 potions of curing
 q - a potion of resistance
 s - 3 potions of heal wounds
 u - a potion of lignification
Comestibles
 c - 3 chunks of flesh
 f - 7 bread rations
 g - 3 meat rations
 h - a royal jelly
 x - 2 beef jerkies


   Skills:
 + Level 8.9 Fighting
 * Level 13.1 Axes
 - Level 7.7 Armour
 - Level 6.1 Dodging
 - Level 7.8 Shields


You had 9 spell levels left.
You didn't know any spells.

Dungeon Overview and Level Annotations

Branches:
Dungeon (6/15)             Temple (1/1) D:4

Altars:
Ashenzari
Cheibriados
Dithmenos
Elyvilon
Fedhas
Gozag
Hepliaklqana
Kikubaaqudgha
Makhleb
Nemelex Xobeh
Okawaru
Qazlal
Ru
Sif Muna
Trog
Vehumet
Xom
Yredelemnul
Zin
The Shining One

Shops:
D:4 %


Innate Abilities, Weirdness & Mutations

You reflexively headbutt those who attack you in melee.
You have a pair of horns on your head.


Message History

Okawaru accepts your kill.
The electric eel shoots out a bolt of lightning at you!
The bolt of electricity hits the electric eel.
The electric eel completely resists.
The bolt of electricity hits you!
Things that are here:
a dagger; a robe; a war axe The electric eel shoots out a bolt of lightning at you!
The bolt of electricity hits you!
The electric eel shoots out a bolt of lightning at you!
The bolt of electricity hits you!
The electric eel shoots out a bolt of lightning at you!
The bolt of electricity hits you!
* * * LOW HITPOINT WARNING * * *
The electric eel shoots out a bolt of lightning at you!
The bolt of electricity hits you!
* * * LOW HITPOINT WARNING * * *
The bolt of electricity hits the plant.
The electric eel shoots out a bolt of lightning at you!
The bolt of electricity hits you!
You die...

≈≈≈.≈≈≈♣...........#
♣♣..........).# .#
♣≈............# #.##
♣P###.........# #.#.
#≈≈≈.≈♣♣#...........#
#.#. ♣≈≈≈.≈
#.########'## #.#
♣≈≈≈.≈≈♣♣.# #.####.#+
♣≈≈≈.≈≈♣♣.# #........
♣♣≈≈≈.PP♣P@#
#####....
♣♣♣≈≈P≈.≈♣♣..# #....
P≈≈≈PPP.≈≈..## #....
≈≈≈≈≈≈≈.♣..## ####.
.......)))## #.
≈≈≈≈≈≈≈...# ##
≈≈≈;≈≈≈;♣## ≈≈≈≈≈≈≈≈♣
≈≈≈≈≈P≈♣#


You could see an electric eel.

Vanquished Creatures
  Prince Ribbit (D:5)
  Sigmund (D:3)
  The ghost of kengeki the Firebug, an amateur DEFE (D:5)
  Menkaure (D:5)
  Edmund (D:5)
  An orc warrior (D:6)
  An ice beast (D:3)
  2 ogres
  A wyvern skeleton (D:6)
  2 scorpions (D:4)
  4 wights (D:5)
  2 crimson imps
  A quasit (D:6)
  A bullfrog skeleton (D:5)
  2 orc priests
  3 hounds
  A jelly (D:5)
  Crazy Yiuf (D:2)
  6 orc wizards
  A gnoll shaman (D:5)
  Ijyb (D:2)
  2 iguanas (D:4)
  5 worker ants
  A hound zombie (D:6)
  3 worker ant zombies
  5 gnolls (D:5)
  9 adders
  A shadow imp (D:5)
  An ooze (D:3)
  3 worms
  2 dart slugs
  3 leopard geckos
  20 orcs
  3 ball pythons
  11 bats
  5 giant cockroaches
  10 goblins
  5 hobgoblins
  6 jackals
  4 kobolds
  7 frilled lizards
  A leopard gecko skeleton (D:5)
  A quokka skeleton (D:4)
  12 rats
155 creatures vanquished.

Vanquished Creatures (others)
  A plant (D:6)
1 creature vanquished.

Grand Total: 156 creatures vanquished

Notes
Turn   | Place    | Note
-------+----------+-------------------------------------------
     0 | D:1      | evildog the Minotaur Fighter began the quest for the Orb.
     0 | D:1      | Reached XP level 1. HP: 19/19 MP: 0/0
    97 | D:1      | Reached skill level 3 in Axes
   105 | D:1      | Reached XP level 2. HP: 20/26 MP: 1/1
   594 | D:1      | Reached skill level 4 in Axes
   942 | D:2      | Reached XP level 3. HP: 29/31 MP: 2/2
  1148 | D:2      | Noticed Ijyb
  1154 | D:2      | Killed Ijyb
  1154 | D:2      | Reached skill level 5 in Axes
  1154 | D:2      | Reached XP level 4. HP: 39/39 MP: 3/3
  1630 | D:2      | Found a runed door.
  1909 | D:2      | Noticed Crazy Yiuf
  1911 | D:2      | Killed Crazy Yiuf
  1911 | D:2      | Reached skill level 6 in Axes
  2147 | D:3      | Reached XP level 5. HP: 33/45 MP: 4/4
  2532 | D:3      | Reached skill level 7 in Axes
  2537 | D:3      | Noticed an ice beast
  2547 | D:3      | Killed an ice beast
  2547 | D:3      | Reached XP level 6. HP: 51/51 MP: 5/5
  2583 | D:3      | Noticed Sigmund
  2595 | D:3      | Killed Sigmund
  2595 | D:3      | Reached skill level 8 in Axes
  2889 | D:4      | Reached skill level 9 in Axes
  2924 | D:4      | Reached XP level 7. HP: 14/57 MP: 6/6
  3273 | D:4      | Reached skill level 10 in Axes
  3387 | D:4      | Found a staircase to the Ecumenical Temple.
  3390 | Temple   | Entered the Ecumenical Temple
  3405 | Temple   | Became a worshipper of Warmaster Okawaru
  3679 | D:4      | Found Mucecogrya's Food Shop.
  3708 | D:4      | Found a bloodstained altar of Trog.
  3719 | D:5      | Entered Level 5 of the Dungeon
  3779 | D:5      | Reached skill level 11 in Axes
  3827 | D:5      | Noticed Edmund
  3844 | D:5      | Killed Edmund
  3844 | D:5      | Reached * piety under Okawaru
  3844 | D:5      | Reached XP level 8. HP: 57/64 MP: 7/7
  3932 | D:5      | Noticed kengeki's ghost (amateur DEFE)
  3939 | D:5      | Killed kengeki's ghost
  3939 | D:5      | Reached skill level 12 in Axes
  3941 | D:5      | Noticed Menkaure
  3943 | D:5      | Killed Menkaure
  4051 | D:5      | Found an opulent altar of Gozag.
  4051 | D:5      | Found a hazy altar of Hepliaklqana.
  4264 | D:5      | Reached XP level 9. HP: 81/81 MP: 8/8
  4275 | D:5      | Found a sacrificial altar of Ru.
  4277 | D:5      | Noticed Prince Ribbit
  4297 | D:5      | Killed Prince Ribbit
  4297 | D:5      | Reached ** piety under Okawaru
  4470 | D:5      | Got a jewelled falchion
  4472 | D:5      | Identified the +8 falchion of the Key {drain, +Blink rN+} (You found it on level 5 of the Dungeon)
  4674 | D:6      | Reached skill level 13 in Axes
  4884 | D:6      | Reached XP level 10. HP: 78/90 MP: 9/9
  4904 | D:6      | Got a scorched leather armour
  4915 | D:6      | Identified the cursed +1 leather armour of Beogh's Condemnation {rC+++ rCorr SInv Stlth-} (You took it off an orc on level 6 of the Dungeon)
  4951 | D:6      | Killed from afar by an electric eel

Skill      XL: |  1  2  3  4  5  6  7  8  9 |
---------------+----------------------------+-----
Axes           | 3 4 5 6 7 9 11 12 13 | 13.1
Fighting       | 8 |  8.9
Armour         | 7 |  7.7
Dodging        | 6 |  6.1
Shields        | 7 |  7.8

Action                   |  1- 3 |  4- 6 |  7- 9 | 10-12 || total
-------------------------+-------+-------+-------+-------++-------
Melee: War axe           |    76 |   139 |   237 |    17 ||   469
       Headbutt          |    10 |    17 |    42 |     3 ||    72
Throw: Javelin           |       |    12 |       |       ||    12
  Use: Scroll            |       |    16 |     2 |       ||    18
       Potion            |       |       |     2 |       ||     2
  Eat: Chunk             |     1 |     6 |     6 |     1 ||    14
Armor: Scale mail        |    27 |       |       |       ||    27
       Plate armour      |    13 |    96 |    87 |     1 ||   197
Dodge: Dodged            |    16 |    27 |    24 |     6 ||    73
Block: Shield            |    44 |    53 |    29 |       ||   126
       Large shield      |       |       |    93 |    10 ||   103
